 Dungeon Crawl Stone Soup version 0.31-a0-700-gf135852 (webtiles) character file.

Game seed: 12562024588376982396

3026 BarneyGumball the Geomancer (level 9, 0/54 HPs)
             Began as a Deep Elf Earth Elementalist on Sept 7, 2023.
             Was an Initiate of Ashenzari.
             Succumbed to a gnoll sergeant's poison
             ... on level 7 of the Dungeon.
             The game lasted 00:26:49 (7652 turns).

BarneyGumball the Geomancer (DEEE)                  Turns: 7652, Time: 00:26:49

Health: 0/54       AC:  4    Str:  5    XL:     9   Next: 55%
Magic:  6/18       EV: 14    Int: 25    God:    Ashenzari [......]
Gold:   429        SH:  0    Dex: 15    Spells: 14/18 levels left

rFire   . . .        y - +2 short sword of the Chained God {speed, Melee, Alch} (curse)
rCold   . . .        (no shield)
rNeg    + . .        n - +2 robe {rN+}
rPois   .            (no helmet)
rElec   .            (no cloak)
rCorr   .            (no gloves)
SInv    .            (no boots)
Will    .....        (no amulet)
Stlth   +++          (no ring)
HPRegen 0.29/turn    (no ring)
MPRegen 0.16/turn

%: no passive effects
@: lethally poisoned (0 -> -2)
A: no striking features
a: Renounce Religion, Shatter the Chains


You were on level 7 of the Dungeon.
You worshipped Ashenzari.
Ashenzari was noncommittal.
You visited 2 branches of the dungeon, and saw 9 of its levels.

You collected 429 gold pieces.

Inventory:

Hand Weapons
 g - a +3 whip of holy wrath
 y - the cursed +2 short sword of the Chained God (weapon) {speed, Melee, Alch}
   (You took it off an orc on level 6 of the Dungeon)

   It has a curse which improves the following skills: Melee Combat: Short
   Blades, Long Blades, Axes, Maces & Flails, Polearms, Staves and Unarmed
   Combat.
   Alchemy:   Poison Magic and Transmutations.
Missiles
 i - 19 poisoned darts (quivered)
Armour
 n - a +2 robe of positive energy (worn)
 z - +0 steam dragon scales
Wands
 w - a wand of flame (38)
Scrolls
 a - a scroll of immolation {unknown}
 c - 2 scrolls of poison {unknown}
 e - a scroll of blinking
 f - a scroll of vulnerability {unknown}
 k - 2 scrolls of noise {unknown}
 o - a scroll of brand weapon {unknown}
 q - 3 scrolls of teleportation
 t - a scroll of revelation {unknown}
 u - a scroll of butterflies {unknown}
 v - a scroll of acquirement {unknown}
 x - a scroll of amnesia {unknown}
Potions
 b - a potion of magic
 d - a potion of invisibility
 h - a potion of enlightenment
 j - a potion of curing {unknown}
 l - a potion of resistance
 m - 4 potions of heal wounds
 p - a potion of berserk rage
 r - a potion of ambrosia {unknown}
 s - a potion of haste {unknown}


   Skills:
 - Level 5.0 Fighting
 + Level 3.0 Armour
 - Level 5.0 Dodging
 - Level 5.0 Stealth
 - Level 5.0 Spellcasting
 - Level 7.2 Conjurations
 - Level 1.1(1.3) Transmutations
 - Level 8.1 Earth Magic


You had 14 spell levels left.
You knew the following spells:

 Your Spells              Type           Power      Damage    Failure   Level
a - Sandblast             Erth           92%        2d19      1%          1
b - Stone Arrow           Conj/Erth      88%        3d12      1%          3

Your spell library contained the following spells:

 Spells                   Type           Power      Damage    Failure   Level
 Passwall                 Tmut/Erth      25%        N/A       1%          2
 Petrify                  Tmut/Erth      30%        N/A       12%         4
 Leda's Liquefaction      Hex/Erth       13%        N/A       16%         4
 Call Canine Familiar     Summ           6%         N/A       24%         3
 Sigil of Binding         Hex            6%         N/A       24%         3
 Dimensional Bullseye     Hex/Tloc       3%         N/A       63%         4


Dungeon Overview and Level Annotations

Branches:
Dungeon (8/15)             Temple (1/1) D:6
   Lair: D:8-11

Altars:
Ashenzari
Cheibriados
Dithmenos
Elyvilon
Fedhas
Hepliaklqana
Kikubaaqudgha
Makhleb
Nemelex Xobeh
Okawaru
Qazlal
Ru
Sif Muna
Trog
Uskayaw
Wu Jian
Xom
Yredelemnul
Zin
The Shining One

Annotations:
D:6 exclusion: vampire
D:8 1 transporter, Dega's ghost, novice SpHu; Jeremiah


Message History

You are more poisoned.
You feel very sick.
You feel very sick.
Casting: Stone Arrow (safe; 1% risk of failure)
Confirm with . or Enter, or press ? or * to list all spells.
Aiming: Stone Arrow (safe; 1% risk of failure)
Press: ? - help, Shift-Dir - straight line, f - gnoll sergeant
Aim: a gnoll sergeant, wielding a +2 trident of venom and wearing a +0 ring mail (82% to hit)
The stone arrow hits the gnoll sergeant!!
The gnoll sergeant is almost dead.
You feel very sick. The gnoll sergeant misses you.
Casting: Stone Arrow (safe; 1% risk of failure)
Confirm with . or Enter, or press ? or * to list all spells.
Aiming: Stone Arrow (safe; 1% risk of failure)
Press: ? - help, Shift-Dir - straight line, f/p - gnoll sergeant
Aim: a gnoll sergeant, wielding a +2 trident of venom and wearing a +0 ring mail (almost dead, 82% to hit)
The stone arrow hits the gnoll sergeant!
You kill the gnoll sergeant!
You feel very sick.
The gnoll hits you from afar with a +0 spear!
* * * LOW HITPOINT WARNING * * *
The gnoll barely misses you.
Your Armour skill increases to level 3!
Okay, then.
You feel sick. The gnoll attacks as it pursues you!
The gnoll completely misses you.
You feel sick.
You feel sick. The gnoll attacks as it pursues you!
The gnoll hits you but does no damage.
You feel sick.
You feel sick.
You feel sick. The gnoll attacks as it pursues you!
The gnoll hits you with a +0 flail!
* * * LOW HITPOINT WARNING * * *
There is a stone staircase leading up here.
* * * LOW HITPOINT WARNING * * *
You feel sick.
You climb upwards.
You die...

#...####.##..#.(..#
#...# #......##...#
##..#
#......#....## #.##
####.........# ###
#####.....#
####..#..#
##..#..#.##
#....g..##
##..@...# ########


You could see a gnoll.

Vanquished Creatures
  Maggie (D:7)
  A hornet (D:4)
  A wraith (D:6)
  2 steam dragons (D:6)
  A water moccasin (D:8)
  4 ice beasts
  3 black bears
  A sky beast (D:7)
  A centaur (D:6)
  A kobold brigand (D:7)
  A gnoll sergeant (D:8)
  4 scorpions
  2 killer bees (D:8)
  5 jellies
  A hound (D:6)
  2 orc priests
  2 orc wizards
  Terence (D:2)
  7 iguanas
  10 gnolls
  10 adders
  3 worms
  20 orcs
  8 endoplasms
  4 giant cockroaches
  7 hobgoblins
  6 quokkas
  3 ball pythons
  3 bats
  2 frilled lizards
  2 goblins (D:4)
  8 kobolds
  7 rats
  A spectral goblin (D:1)
135 creatures vanquished.

Notes
Turn   | Place    | Note
-------+----------+-------------------------------------------
     0 | D:1      | BarneyGumball the Deep Elf Earth Elementalist began the
                  | quest for the Orb.
     0 | D:1      | Reached XP level 1. HP: 10/10 MP: 6/6
    72 | D:1      | Found a faded altar of an unknown god.
   196 | D:1      | Reached skill level 1 in Conjurations
   234 | D:1      | Reached XP level 2. HP: 15/15 MP: 6/8
   753 | D:2      | Reached skill level 4 in Earth Magic
   772 | D:2      | Reached XP level 3. HP: 19/19 MP: 7/9
   889 | D:2      | Learned a level 3 spell: Stone Arrow
  1251 | D:2      | Found a burning altar of Makhleb.
  1257 | D:2      | Reached XP level 4. HP: 24/24 MP: 7/10
  1321 | D:2      | Noticed Terence
  2137 | D:3      | Reached skill level 5 in Earth Magic
  2137 | D:3      | Reached XP level 5. HP: 23/28 MP: 5/11
  2768 | D:4      | Identified the +6 hand axe of the Manifold Things {pain,
                  | +Blink rElec MP-9 Dex+5}
  2902 | D:4      | Reached XP level 6. HP: 32/32 MP: 8/12
  3023 | D:4      | Found a glowing silver altar of Zin.
  3026 | D:4      | Found a burning altar of Makhleb.
  3029 | D:4      | Found a shadowy altar of Dithmenos.
  3042 | D:4      | Noticed a hornet
  3108 | D:4      | Reached skill level 5 in Conjurations
  3108 | D:4      | Reached skill level 6 in Earth Magic
  3489 | D:4      | Found a glowing golden altar of the Shining One.
  3862 | D:5      | Entered Level 5 of the Dungeon
  4016 | D:5      | Noticed an ice beast
  4021 | D:5      | Killed an ice beast
  4022 | D:5      | Reached XP level 7. HP: 36/36 MP: 3/13
  4242 | D:5      | Reached skill level 7 in Earth Magic
  4825 | D:6      | Found a staircase to the Ecumenical Temple.
  4834 | Temple   | Entered the Ecumenical Temple
  4840 | Temple   | Became a worshipper of Ashenzari the Shackled
  5046 | D:6      | Noticed a vampire
  5118 | D:6      | Noticed a steam dragon
  5363 | D:4      | Killed a hornet
  5364 | D:4      | Reached skill level 8 in Earth Magic
  5364 | D:4      | Reached XP level 8. HP: 41/41 MP: 7/14
  5528 | D:2      | Killed Terence
  5863 | D:6      | Reached skill level 1 in Fighting
  6260 | D:6      | Reached skill level 5 in Stealth
  6418 | D:6      | Reached skill level 5 in Dodging
  6680 | D:7      | Found a blossoming altar of Fedhas.
  6684 | D:7      | Reached XP level 9. HP: 52/52 MP: 11/15
  6855 | D:7      | Noticed Maggie
  7345 | D:7      | Found a basalt altar of Yredelemnul.
  7345 | D:7      | Found a shimmering blue altar of Sif Muna.
  7354 | D:7      | Killed Maggie
  7355 | D:7      | Reached skill level 5 in Spellcasting
  7474 | D:8      | Noticed Jeremiah
  7490 | D:8      | Noticed Dega's ghost (novice SpHu)
  7490 | D:8      | Found a transporter.
  7509 | D:8      | Reached skill level 5 in Fighting
  7509 | D:8      | Reached skill level 1 in Armour
  7650 | D:8      | HP: 2/54 [gnoll/+0 flail[a gnoll sergeant] (7)]
  7652 | D:7      | Succumbed to a gnoll sergeant's poison

Illustrated notes

Levels and vault maps discovered:
D:1:      psy_arrival_fountain, layout_basic,
          dreamdust_ecumenical_altar_drowned_temple, minmay_tree_intersection,
          minivault_14
D:2:      layout_basic, basic_altar, uniq_terence
D:3:      layout_rooms
D:4:      layout_basic, grunt_temple_overflow_diamond,
          nicolae_tso_swordbearing_angel,
          nicolae_concentric_dashed_squares_wild, st_stairs_7, dk_noncrumbling_3
D:5:      layout_gridville, nicolae_underground_beach
D:6:      layout_basic, minmay_temple_entry_waves
D:7:      layout_cave_pools, kennysheep_mini_moat,
          gammafunk_temple_overflow_elements, uniq_maggie
D:8:      layout_cave_pools, overflow_temple_1_default,
          gammafunk_ghost_stat_death, uniq_jeremiah, uniq_erica
Temple:   compressed_dpeg_triangle_lava_temple

Skill      XL: |  1  2  3  4  5  6  7  8  9 |
---------------+----------------------------+-----
Conjurations   | 1 2 3 4 5 7 |  7.2
Earth Magic    | 4 5 6 8 |  8.1
Dodging        | 5 |  5.0
Stealth        | 5 |  5.0
Fighting       | 3 5 |  5.0
Spellcasting   | 5 |  5.0
Armour         | 3 |  3.0
Transmutations | |  1.1

Action                     |  1- 3 |  4- 6 |  7- 9 || total
---------------------------+-------+-------+-------++-------
  Melee: Whip              |       |       |     2 ||     2
  Throw: Dart              |     2 |       |     7 ||     9
   Cast: Sandblast         |    33 |    80 |    37 ||   150
         Stone Arrow       |       |     6 |    56 ||    62
 Invoke: Curse Item        |       |       |     1 ||     1
    Use: Scroll            |       |     5 |     3 ||     8
 Armour: Robe              |     1 |    13 |    12 ||    26
  Dodge: Dodged            |     1 |     3 |    12 ||    16

Table legend: (Time is in decaauts)
 A = Elapsed time spent in this place.
 B = Non-inter-level travel time spent in this place.
 C = Inter-level travel time spent in this place.
 D = Time resting spent in this place.
 E = Time spent auto-exploring this place.
 F = Levels seen in this place.
 G = Mean time per level.
                   A        B        C        D        E       F      G
               +--------+--------+--------+--------+--------+-----+--------+
         Total |   7733 |   6996 |    737 |    554 |   5120 |   9 |  859.2 |
       Dungeon |   7721 |   6995 |    726 |    554 |   5120 |   8 |  965.1 |
        Temple |     12 |      1 |     11 |      0 |      0 |   1 |   12.0 |
               +--------+--------+--------+--------+--------+-----+--------+

Top non-repeatable levels by time:
     D:4: 1359 daAuts
     D:6: 1303 daAuts
     D:2: 1287 daAuts
     D:5: 1093 daAuts
     D:7: 947 daAuts
     D:3: 830 daAuts
     D:1: 823 daAuts
     D:8: 76 daAuts
  Temple: 12 daAuts
